 Dungeon Crawl Stone Soup version 0.25.0-9-g26727b6 (webtiles) character file.

Game seed: 12609970868545011244

113 shmeve the Chopper (level 4, -1/40 HPs)
             Began as a Minotaur Berserker on June 22, 2020.
             Was a Believer of Trog.
             Slain by an orc
             ... wielding a cursed -3 whip
              (4 damage)
             ... on level 2 of the Dungeon.
             The game lasted 00:02:19 (1380 turns).

shmeve the Chopper (Minotaur Berserker)             Turns: 1380, Time: 00:02:20

Health: -1/40      AC:  3    Str: 22    XL:     4   Next: 65%
Magic:  3/3        EV: 12    Int:  5    God:    Trog [**....]
Gold:   59         SH:  0    Dex:  9    Spells: 3/3 levels left

rFire    . . .     SeeInvis .   a - +0 hand axe
rCold    . . .     Gourm    .   (no shield)
rNeg     . . .     Faith    .   b - +0 animal skin
rPois    .         Spirit   .   (helmet restricted)
rElec    .         Reflect  .   (no cloak)
rCorr    .         Harm     .   j - +0 pair of gloves
MR       .....                  (no boots)
Stlth    +.........             (no amulet)
HPRegen  0.13/turn              (no ring)
MPRegen  0.08/turn              (no ring)

@: no status effects
A: retaliatory headbutt, horns 2
a: Berserk, Trog's Hand, Renounce Religion


You were on level 2 of the Dungeon.
You worshipped Trog.
Trog was pleased with you.
You were not hungry.

You visited 1 branch of the dungeon, and saw 2 of its levels.

You collected 59 gold pieces.

Inventory:

Hand Weapons
 a - a +0 hand axe (weapon)
 k - a +0 hunting sling
Armour
 b - a +0 animal skin (worn)
 g - a +0 kite shield
 j - a +0 pair of gloves (worn)
Scrolls
 h - 2 scrolls of remove curse {unknown}
 l - a scroll of identify {unknown}
Potions
 d - a potion of curing {unknown}
 e - a potion of flight {unknown}
 i - a potion of stabbing {unknown}
Comestibles
 c - 4 rations
 f - 6 chunks of flesh


   Skills:
 - Level 4.1 Fighting
 - Level 4.1 Axes
 - Level 0.5 Throwing
 - Level 2.7 Armour
 - Level 2.4 Dodging
 + Level 4.0 Shields


You had 3 spell levels left.
You didn't know any spells.
Your spell library was empty.

Dungeon Overview and Level Annotations

Branches:
Dungeon (2/15)

Altars:
Cheibriados


Innate Abilities, Weirdness & Mutations

You reflexively headbutt those who attack you in melee.
You have a pair of horns on your head.


Message History

You're too confused to move!
The orc hits you but does no damage. The orc hits you with a cursed -3 whip.
* * * LOW HITPOINT WARNING * * *
Something hits you but does no damage. The orc hits you with a +0 short sword.
* * * LOW HITPOINT WARNING * * *
Unknown command.
You hit the orc. Your headbutt misses the orc.
The orc is severely wounded.
You slash the orc!
You kill the orc!
Trog accepts your kill.
Your Shields skill increases to level 4!
You completely miss something. You hit the orc but do no damage.
You feel less confused. The orc hits you with a +0 short sword.
* * * LOW HITPOINT WARNING * * *
Something hits you.
* * * LOW HITPOINT WARNING * * *
The orc hits you with a cursed -3 whip.
You die...

#####.###...(.#....########.#.###
# #.# #.....#....# #.#.... ## #)#
#######....# #.....# .# #.#
######....# #####.# .####'##
#.........# #.# .##....#
#.....######## #.# ..#....#
#............# #.) ..#....#
#.......)....# ### .......#
##.....@.....# .#.....#
#.....oo....# ##.....#
#...........# #.....#
#...........# ......#
#...........# ......+
+...........# .......#
#............. .##....#
..............


You could see 2 orcs.

Vanquished Creatures
  Jessica (D:2)
  Terence (D:2)
  An ooze (D:1)
  A dart slug (D:1)
  3 leopard geckos
  An orc (D:2)
  2 giant cockroaches
  6 goblins
  5 hobgoblins
  7 jackals
  4 kobolds
  2 quokkas (D:2)
  5 bats
  2 frilled lizards (D:1)
  7 rats
48 creatures vanquished.

Notes
Turn   | Place    | Note
-------+----------+-------------------------------------------
     0 | D:1      | shmeve the Minotaur Berserker began the quest for the Orb.
     0 | D:1      | Reached XP level 1. HP: 19/19 MP: 0/0
    28 | D:1      | Reached XP level 2. HP: 22/27 MP: 1/1
   554 | D:1      | Found a snail-covered altar of Cheibriados.
   635 | D:1      | Reached XP level 3. HP: 31/33 MP: 2/2
   684 | D:1      | Reached skill level 1 in Shields
   792 | D:2      | Reached ** piety under Trog
   997 | D:2      | Noticed Terence
  1008 | D:2      | Killed Terence
  1008 | D:2      | Reached XP level 4. HP: 40/40 MP: 3/3
  1236 | D:2      | Noticed Jessica
  1242 | D:2      | Killed Jessica
  1380 | D:2      | Slain by an orc

Illustrated notes

Levels and vault maps discovered:
D:1:      dpeg_arrival_pond, layout_loops_ring, cheibriados_altar_1
D:2:      layout_basic, first_ration, uniq_jessica, uniq_terence

Skill      XL: |  1  2  3  4 |
---------------+-------------+-----
Fighting       | 4 |  4.1
Axes           | 4 |  4.1
Shields        | 3 4 |  4.0
Throwing       | |  0.5
Armour         | |  2.7
Dodging        | |  2.4

Action                   |  1- 3 |  4- 6 || total
-------------------------+-------+-------++-------
Melee: Hand axe          |    59 |    21 ||    80
       Headbutt          |     8 |     5 ||    13
Invok: Berserk           |     1 |     1 ||     2
 Stab: Sleeping          |     2 |       ||     2
  Eat: Chunk             |       |     3 ||     3
Armor: Animal skin       |    11 |     8 ||    19
Dodge: Dodged            |    54 |    17 ||    71
